 Dungeon Crawl Stone Soup version 0.17.1-3-g152610e (webtiles) character file.

151 jacquesderrida the Skirmisher (level 4, 0/40 HPs)
             Began as a Demigod Necromancer on Apr 17, 2016.
             Slain by Sigmund
             ... wielding a +0 scythe
              (12 damage)
             ... on level 4 of the Dungeon.
             The game lasted 00:10:34 (1936 turns).

jacquesderrida the Skirmisher (Demigod Necromancer) Turns: 1936, Time: 00:10:35

Health: 0/40       AC:  3    Str: 11    XL:     4   Next: 86%
Magic:  1/9        EV: 12    Int: 21    God:
Gold:   138        SH:  0    Dex: 16    Spells: 2 memorised, 2 levels left

rFire  . . .     SeeInvis .     s - +1 flail
rCold  . . .     Clarity  +     j - +0 leather armour
rNeg   . . .     SustAt   +     (no shield)
rPois  .         Gourm    .     (no helmet)
rElec  .         Spirit   .     (no cloak)
rCorr  .         Warding  .     (no gloves)
rMut   .         Stasis   .     (no boots)
MR     .....                    o - amulet of clarity
Stlth  ++........               (no ring)
                                (no ring)

@: very slightly contaminated, not resistant to hostile enchantments, unstealthy
A: high mp 1, sustain attributes
a: no special abilities


You were on level 4 of the Dungeon.
You were hungry.

You visited 1 branch of the dungeon, and saw 4 of its levels.

You collected 138 gold pieces.

Inventory:

Hand Weapons
 b - a +0 blowgun
 i - a +0 whip
 s - a +1 flail (weapon)
Missiles
 g - 37 poisoned needles
Armour
 a - a +0 robe
 j - a +0 leather armour (worn)
Jewellery
 l - an uncursed amulet of rage
 o - an amulet of clarity (around neck)
 t - an uncursed amulet of stasis
Scrolls
 d - a scroll of enchant weapon
 h - a scroll of identify
 k - a scroll of immolation
 n - 2 scrolls of enchant armour
 p - a scroll of remove curse
 q - a scroll of fear
Books
 r - a book of Necromancy

   Spells                             Type                      Level
   a - Pain                           Necromancy                   1
   b - Animate Skeleton               Necromancy                   1
   c - Vampiric Draining              Necromancy                   3
   d - Regeneration                   Charms/Necromancy            3
   e - Animate Dead                   Necromancy                   4
   f - Control Undead                 Necromancy                   4
Comestibles
 c - 2 bread rations
 f - a meat ration


   Skills:
 + Level 3.7 Fighting
 + Level 1.9 Maces & Flails
 - Level 1.7 Dodging
 - Level 1.7 Stealth
 - Level 1.7 Spellcasting
 - Level 3.6 Necromancy


You had 2 spell levels left.
You knew the following spells:

 Your Spells              Type           Power        Failure   Level  Hunger
a - Pain                  Necr           ###.         4%          1    #......
r - Regeneration          Chrm/Necr      #.........   30%         3    ###....


Dungeon Overview and Level Annotations

Branches:
Dungeon (4/15)
 Temple: D:4-7

Annotations:
D:4 Sigmund


Innate Abilities, Weirdness & Mutations

You have an increased reservoir of magic (+10% MP).
Your attributes are resistant to harm.


Message History

Press: ? - help, Shift-Dir - straight line, f - you You throw a javelin of returning.
The javelin of returning fails to return to your pack!
Throwing (i - inventory):
u - 2 javelins of returning (quivered)
Press: ? - help, Shift-Dir - straight line, f - you You throw a javelin of returning.
The javelin of returning fails to return to your pack!
Something hits you.
Throwing (i - inventory):
u - a javelin of returning (quivered)
Press: ? - help, Shift-Dir - straight line, f - you You throw a javelin of returning.
The javelin of returning fails to return to your pack!
Something hits you.
Your skin stops crawling.
You closely miss something. Something hits you!
You miss something. Something hits you.
* * * LOW HITPOINT WARNING * * *
You aren't carrying any potions.
Something hits you!
You die...

########.#. ## #......).#.
. #?########. #.
#.......... #. #..........
#.. ####.......... #.#
#.............
#####..#######.............
...(..?.{.@(............>..
######.#######.............
#( ##.##......... #.
#.########### #. #.# #. #.#
#. #.. ## #.# #.#


There were no monsters in sight!

Vanquished Creatures
  Terence (D:2)
  A hound skeleton (D:4)
  7 adders
  3 ball pythons
  8 bats
  6 goblins
  5 hobgoblins
  2 jackals
  A quokka (D:3)
  2 giant cockroaches
  3 giant geckos (D:2)
  4 giant newts
  5 kobolds
  5 rats
53 creatures vanquished.

Notes
Turn   | Place    | Note
--------------------------------------------------------------
     0 | D:1      | jacquesderrida the Demigod Necromancer began the quest for the Orb.
     0 | D:1      | Reached XP level 1. HP: 14/14 MP: 5/5
   146 | D:1      | Reached skill level 1 in Fighting
   347 | D:1      | Reached XP level 2. HP: 11/23 MP: 4/7
   772 | D:2      | Reached XP level 3. HP: 12/30 MP: 0/8
   777 | D:2      | Learned a level 3 spell: Regeneration
   994 | D:2      | Noticed Terence
  1018 | D:2      | Killed Terence
  1092 | D:2      | HP: 1/31 [poisoned by an adder]
  1179 | D:2      | Reached XP level 4. HP: 24/38 MP: 3/9
  1347 | D:2      | Reached skill level 1 in Maces & Flails
  1739 | D:3      | Found a shadowy altar of Dithmenos.
  1916 | D:4      | Noticed Sigmund
  1936 | D:4      | Slain by Sigmund

Action                   |  1- 3 |  4- 6 || total
-------------------------+-------+-------++-------
Melee: Club              |     5 |       ||     5
       Whip              |    26 |       ||    26
       Flail             |     4 |    37 ||    41
Throw: Javelin           |       |     9 ||     9
 Cast: Pain              |    68 |    22 ||    90
       Regeneration      |     3 |     5 ||     8
  Use: Potion            |     3 |     1 ||     4
       Scroll            |     1 |     5 ||     6
 Stab: Invisible         |     2 |       ||     2
       Sleeping          |     1 |     2 ||     3
  Eat: Chunk             |     2 |     3 ||     5
       Pizza             |     1 |       ||     1
